 Dungeon Crawl Stone Soup version 0.26.1-10-gdfb7c7de75 (webtiles) character file.

Game seed: 3239500029793260724

14723 phalm the Blocker (level 12, 0/75 HPs)
             Began as a Gargoyle Fighter on Apr 9, 2021.
             Was the Champion of Zin.
             Killed from afar by an efreet (33 damage)
             ... with a fireball
             ... on level 11 of the Dungeon.
             The game lasted 00:31:42 (15280 turns).

phalm the Blocker (Gargoyle Fighter)               Turns: 15280, Time: 00:31:42

Health: 0/75       AC: 27    Str: 24    XL:     12   Next: 19%
Magic:  17/17      EV:  8    Int: 10    God:    Zin [******]
Gold:   663        SH:  7    Dex: 12    Spells: 10/11 levels left

rFire    . . .     SeeInvis .   K - +1 whip (venom)
rCold    + . .     Faith    .   n - +0 buckler
rNeg     + . .     Spirit   .   I - +3 chain mail
rPois    ∞         Reflect  .   e - +2 hat
rElec    +         Harm     .   (no cloak)
rCorr    .         Rampage  .   L - +1 pair of gloves {Dex+3}
Will     +....                  (no boots)
Stlth    ..........             T - amulet of magic regeneration
HPRegen  0.22/turn              h - ring of willpower
MPRegen  0.40/turn              O - ring of protection from cold

@: no status effects
A: negative energy resistance 1, electricity resistance, unbreathing,
petrification resistance, miasma immunity, AC +8
a: Renounce Religion, Recite, Vitalisation, Imprison, Sanctuary, Donate Gold


You were on level 11 of the Dungeon.
You worshipped Zin.
Zin was exalted by your worship.
You visited 1 branch of the dungeon, and saw 12 of its levels.
You also visited: Ossuary.

You collected 785 gold pieces.
You donated 122 gold pieces to Zin.

Inventory:

Hand Weapons
 u - a +0 whip of flaming
 J - a +1 mace of protection
 K - a +1 whip of venom (weapon)
Armour
 c - a +0 kite shield
 e - a +2 hat (worn)
 l - a +0 ring mail of fire resistance
 n - a +0 buckler (worn)
 G - a +1 scale mail of cold resistance
 I - a +3 chain mail (worn)
 L - a +1 pair of gloves of dexterity (worn)
Jewellery
 h - a ring of willpower (left hand)
 B - an uncursed ring of willpower
 O - a ring of protection from cold (right hand)
 P - an uncursed ring of ice
 T - an amulet of magic regeneration (around neck)
Wands
 m - a wand of paralysis (27)
 q - a wand of flame (14)
 D - a wand of iceblast (12)
 N - a wand of digging (10)
 S - a wand of enslavement (6)
Scrolls
 f - a scroll of random uselessness {unknown}
 g - 9 scrolls of remove curse
 i - 5 scrolls of enchant armour
 k - 7 scrolls of identify
 o - 2 scrolls of fear {unknown}
 r - 2 scrolls of amnesia
 w - 4 scrolls of fog
 y - 2 scrolls of teleportation
 E - 3 scrolls of enchant weapon {unknown}
 F - a scroll of blinking {unknown}
 H - a scroll of vulnerability {unknown}
 Q - a scroll of summoning {unknown}
Potions
 a - 3 potions of resistance
 b - a potion of heal wounds
 d - a potion of might
 j - 4 potions of attraction
 p - 2 potions of magic {unknown}
 s - a potion of cancellation
 t - 2 potions of invisibility {unknown}
 v - 3 potions of curing {unknown}
 x - 2 potions of berserk rage {unknown}
 z - 4 potions of brilliance {unknown}
 A - a potion of lignification {unknown}
 C - 2 potions of degeneration {unknown}
 M - a potion of mutation {unknown}
 R - a potion of flight {unknown}


   Skills:
 + Level 8.8 Fighting
 * Level 10.7 Maces & Flails
 + Level 8.8 Armour
 * Level 11.7 Shields
 + Level 7.8 Invocations


You had 10 spell levels left.
You knew the following spells:

 Your Spells              Type           Power        Failure   Level
a - Apportation           Tloc           0%           91%         1

Your spell library contained the following spells:

 Spells                   Type           Power        Failure   Level
 Animate Skeleton         Necr           0%           91%         1
 Beastly Appendage        Tmut           0%           91%         1
 Corona                   Hex            0%           91%         1
 Sting                    Tmut/Pois      0%           91%         1
 Summon Small Mammal      Summ           0%           91%         1
 Poisonous Vapours        Pois/Air       0%           97%         2
 Wereblood                Tmut           0%           97%         2
 Confusing Touch          Hex            0%           99%         3
 Conjure Flame            Conj/Fire      0%           99%         3
 Gell's Gravitas          Tloc           0%           99%         3
 Ignite Poison            Fire/Tmut/Pois 0%           99%         3
 Mephitic Cloud           Conj/Pois/Air  0%           99%         3
 Spider Form              Tmut/Pois      0%           99%         3
 Ice Form                 Ice/Tmut       0%           100%        4
 Olgreb's Toxic Radiance  Pois           0%           100%        4
 Petrify                  Tmut/Erth      0%           100%        4
 Blade Hands              Tmut           0%           100%        5
 Bolt of Magma            Conj/Fire/Erth 0%           100%        5
 Iskenderun's Battlesphe  Conj           0%           100%        5
 Metabolic Englaciation   Hex/Ice        0%           100%        5
 Yara's Violent Unravell  Hex/Tmut       0%           100%        5
 Freezing Cloud           Conj/Ice/Air   0%           100%        6
 Iron Shot                Conj/Erth      0%           100%        6
 Orb of Destruction       Conj           0%           100%        7
 Spellforged Servitor     Conj/Summ      0%           100%        7


Dungeon Overview and Level Annotations

Branches:
Dungeon (12/15)            Temple (0/1) D:6            Lair (0/6) D:11
    Orc (0/2) D:11        Ossuary (visited)

Altars:
Ashenzari
Dithmenos
Elyvilon
Fedhas
Hepliaklqana
Nemelex Xobeh
Qazlal
Ru
Zin
Beogh

Shops:
D:7 (   D:9 !

Annotations:
D:3 1 runed translucent door, Thatpatchoflichen's ghost, amateur DENe
D:8 exclusion: oklob plant


Innate Abilities, Weirdness & Mutations

You are resistant to torment.
Your stone body is resilient. (AC +8)
You are immune to poison.
You resist negative energy. (rN+)
You are resistant to electric shocks. (rElec)
You can survive without breathing.
You are immune to petrification.
You are immune to miasma.


Message History

The efreet is moderately wounded.
You hit the efreet.
The efreet is moderately wounded.
The efreet gestures at you.
The fireball explodes!
The fireball engulfs you but does no damage.
The fireball engulfs the efreet.
The efreet completely resists.
You barely miss the efreet.
The efreet is moderately wounded.
The efreet gestures at you. The bolt of fire hits you!!
You hit the efreet but do no damage.
The efreet looks as sick as possible!
The efreet is moderately wounded.
The efreet gestures at you. The bolt of fire misses you.
The efreet gestures at you.
The fireball explodes!
The fireball engulfs you! The efreet gestures at you.
The fireball explodes!
The fireball engulfs you!!
You die...

##. #. ##########.
#..........
###.#######.)
#............
######.#.######..>
#........# #...
#@##.)...# #...
#.##.....## #.#.
#.##......# #.#.
#.##......# #.#.
#R##......# #.#.
#○####.##.# #.
####○#
#.##.#####.#.
#$☼○.#
#..........#.
#.####
####.########


You could see an efreet (very poisoned).

Vanquished Creatures
  Rupert (D:12)
  A hydra (D:9)
  A centaur warrior (D:11)
  Erica (D:8)
  A two-headed ogre (D:9)
  An unseen horror (D:11)
  Pikel (D:4)
  A centaur zombie (D:11)
  Joseph (D:7)
  2 komodo dragons
  A polar bear (D:10)
  A hornet (D:11)
  2 trolls
  A centaur simulacrum (D:10)
  A shadow (D:11)
  A yak (D:10)
  2 wyverns
  Grum (D:7)
  Menkaure (D:7)
  A soldier ant (D:11)
  An acid dragon (D:12)
  4 orc warriors
  6 ice beasts
  5 sky beasts
  A hornet zombie (D:12)
  An eye of draining (D:11)
  2 phantoms
  2 ogres
  14 centaurs
  5 wolves
  4 big kobolds
  2 bullfrogs
  A gnoll sergeant (D:9)
  5 scorpions
  3 killer bees (D:11)
  6 wights
  An electric eel (D:8)
  2 orc priests
  3 hounds
  3 jellies
  2 bullfrog skeletons
  2 centaur skeletons
  A gnoll shaman (D:7)
  5 worker ants
  3 iguanas
  7 orc wizards
  3 hound zombies
  A hound skeleton (D:6)
  4 mummies (Ossuary)
  2 worker ant zombies
  8 gnolls
  12 adders
  4 shadow imps
  7 white imps
  2 ufetubi
  An ooze (D:3)
  An adder skeleton (D:7)
  3 worms
  3 dart slugs
  2 leopard geckos
  23 orcs
  5 giant cockroaches
  4 gnoll skeletons (Ossuary)
  6 gnoll zombies (Ossuary)
  6 hobgoblins
  9 jackals
  27 kobolds
  6 quokkas
  3 ball pythons
  7 bats
  9 frilled lizards
  A giant cockroach zombie (D:5)
  9 goblins
  4 goblin skeletons (Ossuary)
  4 goblin zombies (Ossuary)
  A hobgoblin skeleton (Ossuary)
  2 hobgoblin zombies (Ossuary)
  6 kobold skeletons (Ossuary)
  4 kobold zombies (Ossuary)
  4 orc skeletons (Ossuary)
  2 orc zombies (Ossuary)
  A quokka skeleton (D:4)
  5 rats
  5 rat skeletons (Ossuary)
  7 rat zombies (Ossuary)
327 creatures vanquished.

Vanquished Creatures (others)
  An orc priest (D:11)
  An orc skeleton (Ossuary)
  5 fungi (D:8)
  31 plants
  13 toadstools (D:8)
51 creatures vanquished.

Grand Total: 378 creatures vanquished

Notes
Turn   | Place    | Note
-------+----------+-------------------------------------------
     0 | D:1      | phalm the Gargoyle Fighter began the quest for the Orb.
     0 | D:1      | Reached XP level 1. HP: 14/14 MP: 1/1
   375 | D:1      | You fall into a shaft and drop 1 floor!
   453 | D:2      | Reached XP level 2. HP: 18/19 MP: 2/2
   634 | D:1      | Reached XP level 3. HP: 18/23 MP: 3/3
  1163 | D:2      | Reached skill level 4 in Shields
  1274 | D:2      | Found a sacrificial altar of Ru.
  1366 | D:2      | Found a hazy altar of Hepliaklqana.
  1684 | D:2      | Reached XP level 4. HP: 28/28 MP: 4/4
  1866 | D:2      | Found a glowing silver altar of Zin.
  2126 | D:2      | Became a worshipper of Zin the Law-Giver
  2129 | D:2      | Donated 44 gold pieces to Zin
  2178 | D:3      | Reached * piety under Zin
  2198 | D:3      | Found a runed translucent door.
  2201 | D:3      | Noticed a bullfrog
  2202 | D:3      | Noticed Thatpatchoflichen's ghost (amateur DENe)
  2397 | D:3      | Reached ** piety under Zin
  2726 | D:4      | Noticed a lemure
  2726 | D:4      | Noticed a lemure
  2727 | D:4      | Noticed Pikel
  2727 | D:4      | Noticed a lemure
  2729 | D:4      | Noticed a lemure
  2774 | D:4      | Killed Pikel
  2775 | D:4      | Reached skill level 5 in Shields
  2775 | D:4      | Reached XP level 5. HP: 7/34 MP: 4/6
  2775 | D:4      | Reached XP level 6. HP: 9/39 MP: 4/7
  2775 | D:4      | Reached XP level 7. HP: 10/44 MP: 4/8
  3290 | D:4      | Found a sparkling altar of Nemelex Xobeh.
  3429 | D:4      | Reached *** piety under Zin
  3918 | D:5      | Entered Level 5 of the Dungeon
  4317 | D:5      | Reached skill level 6 in Shields
  4551 | D:5      | Reached skill level 5 in Maces & Flails
  4641 | D:5      | Reached XP level 8. HP: 48/48 MP: 10/10
  4687 | D:5      | Reached skill level 5 in Fighting
  5035 | D:6      | Reached skill level 5 in Armour
  5096 | D:6      | Reached **** piety under Zin
  5107 | D:6      | You fall into a shaft and drop 2 floors!
  5157 | D:8      | Noticed a wyvern
  5181 | D:8      | Found a sand-covered staircase.
  5197 | Ossuary  | Entered an ossuary
  5573 | Ossuary  | Reached ***** piety under Zin
  5964 | D:8      | Noticed Erica
  6011 | D:8      | Killed Erica
  6012 | D:8      | Reached skill level 7 in Shields
  6012 | D:8      | Reached XP level 9. HP: 7/55 MP: 10/12
  6677 | D:7      | Reached skill level 8 in Shields
  6868 | D:6      | Found a white marble altar of Elyvilon.
  7245 | D:7      | Noticed Menkaure
  7250 | D:7      | Killed Menkaure
  8127 | D:7      | Found a sparkling altar of Nemelex Xobeh.
  8163 | D:7      | Found Tiank's Antique Weapon Shoppe.
  8314 | D:6      | Found a broken altar of Ashenzari.
  8428 | D:6      | Reached skill level 5 in Invocations
  8533 | D:6      | Found a staircase to the Ecumenical Temple.
  9334 | D:8      | Noticed Grum
  9370 | D:7      | Reached XP level 10. HP: 31/61 MP: 13/13
  9396 | D:7      | Reached skill level 9 in Shields
  9611 | D:8      | Noticed Joseph
  9789 | D:7      | Killed Grum
  9982 | D:7      | Killed Joseph
 10574 | D:8      | Found a stormy altar of Qazlal.
 10675 | D:8      | Found a blossoming altar of Fedhas.
 10702 | D:8      | Noticed an oklob plant
 11198 | D:9      | Noticed a two-headed ogre
 11212 | D:9      | Killed a two-headed ogre
 11229 | D:9      | Found a shadowy altar of Dithmenos.
 11274 | D:9      | Found Roghuv's Distillery.
 11731 | D:9      | Noticed a six-headed hydra
 11750 | D:9      | Killed a six-headed hydra
 11751 | D:9      | Reached skill level 10 in Shields
 12157 | D:10     | Entered Level 10 of the Dungeon
 12183 | D:9      | Reached XP level 11. HP: 61/67 MP: 15/15
 13135 | D:10     | Reached ****** piety under Zin
 13567 | D:11     | You fall into a shaft and drop 1 floor!
 13608 | D:12     | Noticed Rupert
 13643 | D:12     | Zin protects you from harm!
 13656 | D:12     | Killed Rupert
 13657 | D:12     | Reached skill level 10 in Maces & Flails
 13657 | D:12     | Reached skill level 11 in Shields
 14356 | D:11     | Found a staircase to the Orcish Mines.
 14387 | D:11     | Found a roughly hewn altar of Beogh.
 14391 | D:11     | Noticed a centaur warrior
 14442 | D:11     | Killed a centaur warrior
 14652 | D:11     | Killed an unseen horror
 14653 | D:11     | Reached XP level 12. HP: 71/75 MP: 17/17
 14930 | D:11     | Learned a level 1 spell: Apportation
 15004 | D:11     | Found a staircase to the Lair.
 15280 | D:11     | Killed from afar by an efreet

Illustrated notes

Levels and vault maps discovered:
D:1:      psy_arrival_radial02, layout_basic
D:2:      layout_loops_ring, zin_scriptorium, lemuel_crystal_altar,
          nicolae_ru_the_path_less_chosen
D:3:      layout_rooms, ebering_ghost_sewer_d
D:4:      layout_basic, nemelex_diamond_rough_becter, uniq_pikel
D:5:      layout_cave_pools
D:6:      layout_loops_ring, nicolae_overflow_hidden_temple,
          nicolae_ashenzari_panopticon, minmay_temple_entry_antechambers
D:7:      layout_gridville, serial_shops, shop_fountains,
          nemelex_spade_bored_becter, uniq_menkaure
D:8:      layout_loops_ring, lemuel_doored_altar, enter_ossuary_5,
          nrook_pool_corridor, kennysheep_flooded_box, tgw_fedhas, uniq_grum,
          uniq_joseph, uniq_erica
D:9:      layout_big_octagon, nicolae_dithmenos_shadow_blocks, serial_shops,
          shop
D:10:     layout_small_grid, serial_ice, serial_ice_g, serial_ice_o,
          serial_ice_e, serial_ice_c, palyth_stone_intersect,
          skrybe_limestone_x, evilmike_butchery
D:11:     layout_loops_ring, david_lair_shrubbed, minmay_orc_entry_temple_small
D:12:     layout_roguey, serial_shops, nicolae_shop_stone, serial_corexii_hall,
          chequers_hall_statues_wall_a, corexii_hall_statues_x,
          chequers_hall_statues_wall_a, chequers_hall_statues_corner_a,
          uniq_snorg, uniq_rupert

Skill      XL: |  1  2  3  4  5  6  7  8  9 10 11 |
---------------+----------------------------------+-----
Shields        | 4 5 6 7 8 10 11 | 11.7
Maces & Flails | 4 5 6 7 9 10 | 10.7
Fighting       | 4 5 6 7 8 |  8.8
Armour         | 4 5 6 7 8 |  8.8
Invocations    | 2 4 5 6 7 |  7.8

Action                   |  1- 3 |  4- 6 |  7- 9 | 10-12 || total
-------------------------+-------+-------+-------+-------++-------
Melee: Flail             |   209 |    85 |       |       ||   294
       Whip              |       |       |   905 |   798 ||  1703
Invok: Donate Gold       |       |     1 |       |       ||     1
       Recite            |       |       |     2 |    12 ||    14
       Sanctuary         |       |       |     1 |       ||     1
Evoke: Wand              |       |     6 |    12 |    14 ||    32
  Use: Scroll            |       |       |    14 |       ||    14
       Potion            |       |       |     3 |     4 ||     7
 Stab: Invisible         |       |       |     4 |     2 ||     6
       Paralysed         |       |       |       |     6 ||     6
       Confused          |       |       |       |     2 ||     2
Armor: Scale mail        |   123 |     6 |   187 |       ||   316
       Ring mail         |       |    33 |   121 |       ||   154
       Chain mail        |       |       |    90 |   458 ||   548
Dodge: Dodged            |    70 |    28 |   305 |   237 ||   640
Block: Kite shield       |   132 |    38 |    11 |       ||   181
       Buckler           |       |       |   172 |   221 ||   393
